 Dungeon Crawl Stone Soup version 0.31-a0-977-gc230f8ef24 (webtiles) character file.

Game seed: 1106206476740788494

151 Danienth the Trooper (level 5, -1/40 HPs)
             Began as a Djinni Air Elementalist on Oct 29, 2023.
             Was a Priest of Zin.
             Slain by Pargi (2 damage)
             ... on level 3 of the Dungeon.
             The game lasted 00:09:52 (1982 turns).

Danienth the Trooper (Djinni Air Elementalist)      Turns: 1982, Time: 00:09:52

Health: -1/40      AC:  3    Str:  8    XL:     5   Next: 59%
Gold:   138        EV: 13    Int: 19    God:    Zin [***...] SH:  0 Dex: 15

rFire   + + .        (no weapon)
rCold   x . .        (no shield)
rNeg    . . .        a - +0 robe
rPois   ∞            h - +0 helmet
rElec   .            (no cloak)
rCorr   .            (no gloves)
SInv    .            (boots unavailable)
Will    +....        l - amulet of the acrobat
Stlth   ++           n - ring of willpower
HPRegen 0.26/turn    (no ring)
MPRegen 0.00/turn

%: acrobat, infuse magic (-2 HP)
@: vitalised, flying, very slightly contaminated, hasted, very quick
A: sickness immunity, fire resistance 2, cold vulnerability 1, float, innate
caster, HP casting, extra vitality 1
a: Renounce Religion, Recite, Vitalisation, Imprison, Donate Gold


You were on level 3 of the Dungeon.
You worshipped Zin.
Zin was most pleased with you.
You visited 1 branch of the dungeon, and saw 3 of its levels.

You collected 153 gold pieces.
You donated 15 gold pieces to Zin.

Inventory:

Missiles
 b - 4 curare-tipped darts
 k - 3 boomerangs
Armour
 a - a +0 robe (worn)
 h - a +0 helmet (worn)
Magical Staves
 d - a staff of earth
Jewellery
 l - an amulet of the acrobat (around neck)
 n - a ring of willpower (left hand)
Scrolls
 c - a scroll of immolation
 e - a scroll of identify {unknown}
 g - a scroll of enchant armour {unknown}
 i - a scroll of vulnerability {unknown}
Potions
 f - 2 potions of haste
 j - a potion of lignification {unknown}
 m - a potion of ambrosia {unknown}
 o - 2 potions of curing {unknown}


   Skills:
 * Level 3.3 Fighting
 - Level 3.0 Dodging
 - Level 1.5 Stealth
 * Level 3.1 Spellcasting
 * Level 3.1 Conjurations
 * Level 3.1 Hexes
   Level 0.0 Charms
 * Level 3.1 Summonings
 * Level 3.1 Necromancy
 * Level 3.1 Translocations
 * Level 3.1 Transmutations
 * Level 3.1 Fire Magic
 * Level 3.1 Ice Magic
 * Level 3.1 Air Magic
 * Level 3.1 Earth Magic
 * Level 3.1 Poison Magic
 + Level 2.0 Invocations


You knew the following spells:

 Your Spells              Type           Power      Damage    Failure   Level
a - Shock                 Conj/Air       60%        1d6       4%          1
b - Static Discharge      Conj/Air       30%        3-5/arc   6%          2
c - Swiftness             Air            15%        N/A       12%         3
d - Airstrike             Air            7%         2d(2-18)  38%         4
e - Foxfire               Conj/Fire      60%        2x1d7     4%          1
f - Jinxbite              Hex            30%        N/A       6%          2
Your spell library was empty.

Dungeon Overview and Level Annotations

Branches:
Dungeon (3/15)

Altars:
Zin

Annotations:
D:3 Pargi


Innate Abilities, Weirdness & Mutations

You are immune to sickness and miasma.
You are immune to poison.
Your flesh is very heat resistant. (rF++)
You are vulnerable to cold. (rC-)
You float through the air rather than walking.
You learn spells naturally, not from books.
Your magical power is your life essence.
You have superior vitality. (+4 MHP)


Message History

Pargi claws you.
Casting: Shock (safe; 4% risk of failure)
Confirm with . or Enter, or press ? or * to list all spells.
Aiming: Shock (safe; 4% risk of failure)
Press: ? - help, Shift-Dir - straight line, f/p - Pargi
Aim: Pargi (moderately wounded, dazed, 64% to hit)
The zap misses Pargi.
Pargi bites you. Pargi misses you. Pargi closely misses you.
Casting: Shock (safe; 4% risk of failure)
Confirm with . or Enter, or press ? or * to list all spells.
You conjure some foxfire!
Pargi misses you. Pargi claws you. Pargi barely misses you.
Casting: Foxfire (safe; 4% risk of failure)
Confirm with . or Enter, or press ? or * to list all spells.
You miscast Foxfire.
You are very lightly contaminated with residual magic.
Nothing appears to happen.
You are ready to recite again.
The foxfire hits Pargi.
Pargi is moderately wounded.
The foxfire hits Pargi.
Pargi is heavily wounded.
Pargi bites you!
* * * LOW HITPOINT WARNING * * *
Pargi completely misses you. Pargi misses you. Zin grants you divine stamina.
Pargi bites you.
* * * LOW HITPOINT WARNING * * *
Pargi barely misses you. Pargi claws you but does no damage.
The dart slug launches a dart at you. The slug dart misses you.
Pargi snarls, "Go!
Away!"
Pargi attacks as he pursues you! Pargi completely misses you.
Pargi closely misses you. Pargi completely misses you.
The dart slug launches a dart at you. The slug dart hits you.
* * * LOW HITPOINT WARNING * * *
It was a potion of haste.
You feel yourself speed up. Pargi misses you. Pargi closely misses you.
Pargi claws you.
You die...

# ### # #.
#.#
#.#.###.#
#....@..#
#.#..T..#
....w....#
#.###.###(#
#.......#
#.....<.#
#..###....#
#.. ...#.#
#.....#


You could see Pargi (dazed) and a dart slug.

Vanquished Creatures
  Jessica (D:2)
  Natasha (thrice) (D:2)
  An adder (D:2)
  A worm (D:2)
  A dart slug (D:3)
  3 endoplasms (D:1)
  2 giant cockroaches
  2 goblins
  A hobgoblin (D:2)
  5 jackals
  5 kobolds
  A quokka (D:1)
  4 ball pythons
  3 bats (D:1)
  A frilled lizard (D:1)
  4 rats (D:1)
38 creatures vanquished.

Vanquished Creatures (others)
  2 foxfires (D:3)
2 creatures vanquished.

Grand Total: 40 creatures vanquished

Notes
Turn   | Place    | Note
-------+----------+-------------------------------------------
     0 | D:1      | Danienth the Djinni Air Elementalist began the quest for
                  | the Orb.
     0 | D:1      | Danienth set off with the following spells memorised:
                  | Shock, Static Discharge, Swiftness, Airstrike.
     0 | D:1      | Reached XP level 1. HP: 15/15 MP: 0/0
    98 | D:1      | Reached skill level 1 in Fighting
    98 | D:1      | Reached XP level 2. HP: 15/22 MP: 0/0
   107 | D:1      | Found a faded altar of an unknown god.
   319 | D:1      | Prayed at the altar of an unknown god.
   319 | D:1      | Became a worshipper of Zin the Law-Giver
   319 | D:1      | Reached * piety under Zin
   608 | D:1      | Reached XP level 3. HP: 22/27 MP: 0/0
   608 | D:1      | Learned a level 1 spell: Foxfire
   654 | D:1      | Reached ** piety under Zin
  1204 | D:2      | Reached skill level 1 in Invocations
  1349 | D:2      | Noticed Natasha
  1355 | D:2      | Killed Natasha
  1356 | D:2      | Reached XP level 4. HP: 28/34 MP: 0/0
  1396 | D:2      | Noticed Jessica
  1400 | D:2      | Killed Jessica
  1517 | D:2      | Reached XP level 5. HP: 38/40 MP: 0/0
  1517 | D:2      | Learned a level 2 spell: Jinxbite
  1583 | D:2      | Reached *** piety under Zin
  1600 | D:2      | Noticed Natasha
  1608 | D:2      | Killed Natasha
  1866 | D:2      | Noticed Natasha
  1874 | D:2      | Killed Natasha
  1961 | D:3      | Noticed Pargi
  1979 | D:3      | HP: 2/40 [Pargi (3)]
  1982 | D:3      | Slain by Pargi

Illustrated notes

Levels and vault maps discovered:
D:1:      wander_arrival_fairy_ring, layout_basic,
          hellmonk_ecumenical_altar_blasted, minmay_tiny_reverse_x
D:2:      layout_loops_ring, chequers_serial_rivers_small_a,
          minmay_misc_feat_encased, mrwooster_statue_mirror, uniq_jessica,
          uniq_natasha
D:3:      layout_basic, uniq_pargi, uniq_robin

Skill      XL: |  1  2  3  4  5 |
---------------+----------------+-----
Spellcasting   | |  3.1
Conjurations   | |  3.1
Hexes          | |  3.1
Summonings     | |  3.1
Necromancy     | |  3.1
Translocations | |  3.1
Transmutations | |  3.1
Fire Magic     | |  3.1
Ice Magic      | |  3.1
Air Magic      | |  3.1
Earth Magic    | |  3.1
Poison Magic   | |  3.1
Fighting       | 1 2 3 |  3.3
Dodging        | 3 |  3.0
Invocations    | 1 2 |  2.0
Stealth        | |  1.5

Action                     |  1- 3 |  4- 6 || total
---------------------------+-------+-------++-------
   Cast: Shock             |    79 |    41 ||   120
         Foxfire           |       |     1 ||     1
 Invoke: Recite            |       |     1 ||     1
         Vitalisation      |       |     1 ||     1
    Use: Potion            |       |     1 ||     1
 Armour: Robe              |    21 |    24 ||    45
  Dodge: Dodged            |    28 |    30 ||    58

Table legend: (Time is in decaauts)
 A = Elapsed time spent in this place.
 B = Non-inter-level travel time spent in this place.
 C = Inter-level travel time spent in this place.
 D = Time resting spent in this place.
 E = Time spent auto-exploring this place.
 F = Levels seen in this place.
 G = Mean time per level.
                   A        B        C        D        E       F      G
               +--------+--------+--------+--------+--------+-----+--------+
         Total |   1980 |   1849 |    131 |    171 |   1419 |   3 |  660.0 |
       Dungeon |   1980 |   1849 |    131 |    171 |   1419 |   3 |  660.0 |
               +--------+--------+--------+--------+--------+-----+--------+

Top non-repeatable levels by time:
     D:1: 1001 daAuts
     D:2: 959 daAuts
     D:3: 20 daAuts
